 Dungeon Crawl Stone Soup version 0.22-a0-605-g9281fa2 (webtiles) character file.

226922 Zonian the Warrior (level 18, -15/176 HPs)
             Began as a Hill Orc Fighter on July 7, 2018.
             Was the Champion of Beogh.
             Demolished by Milork the orc knight
             ... wielding a +1 broad axe
              (34 damage)
             ... on level 1 of the Vaults on July 8, 2018.
             The game lasted 01:39:33 (41042 turns).

Zonian the Warrior (Hill Orc Fighter)              Turns: 41042, Time: 01:39:33

Health: -15/176    AC: 21    Str: 29    XL:     18   Next: 90%
Magic:  31/31      EV: 10    Int:  8    God:    Beogh [******]
Gold:   2901       SH: 16    Dex: 15    Spells: 17/17 levels left

rFire    + . .     SeeInvis +   A - +8 broad axe
rCold    + + .     Gourm    .   S - +1 shield {reflect}
rNeg     . . .     Faith    .   Y - +4 ring mail of Noughts and Crosses {rF+ rC+ Slay+3 Stlth-}
rPois    +         Spirit   .   w - +0 helmet of Xisoadd {*Slow MR+ rCorr SInv}
rElec    .         Reflect  +   b - +2 cloak {rPois}
rCorr    +         Harm     .   N - +2 pair of gloves "Bamuiser" {Dex+4}
MR       ++...                  (no boots)
Stlth    ..........             G - amulet of the acrobat
HPRegen  0.39/turn              X - +3 ring of strength
MPRegen  0.22/turn              Q - ring of protection from cold

@: marked, drained
A: walk on water
}: 2/15 runes: decaying, gossamer
a: Smiting, Recall Orcish Followers, Give Item to Named Follower, Resurrection,
Renounce Religion


You were on level 1 of the Vaults.
You worshipped Beogh.
Beogh was exalted by your worship.
You were not hungry.

You visited 6 branches of the dungeon, and saw 32 of its levels.
You also visited: Labyrinth and Bailey.

You collected 3277 gold pieces.
You spent 376 gold pieces at shops.

Inventory:

Hand Weapons
 e - a +1 war axe of electrocution
 A - a +8 broad axe (weapon)
 L - a +7 antimagic broad axe
 U - the +8 dagger "Voaracas" {venom, +Blink rN+++ MR- Int+5}
   (You found it on level 2 of the Lair of Beasts)

   It poisons the flesh of those it strikes.
   It affects your intelligence (+5).
   It renders you almost immune to negative energy.
   It affects your resistance to hostile enchantments.
   It lets you blink.
Missiles
 y - 5 javelins of returning (quivered)
 H - 17 javelins
Armour
 b - a +2 cloak of poison resistance (worn)
 c - a +4 shield
 j - the +8 plate armour of Recklessness {rN+ MR+ Slay+3}
   (You took it off a minotaur in a labyrinth)

   It affects your accuracy and damage with ranged weapons and melee attacks
   (+3).
   It protects you from negative energy.
   It affects your resistance to hostile enchantments.
 w - the +0 helmet of Xisoadd (worn) {*Slow MR+ rCorr SInv}
   (You acquired it on level 12 of the Dungeon)

   It affects your resistance to hostile enchantments.
   It lets you see invisible.
   It protects you from acid and corrosion.
   It may slow you when you take damage.
 N - the +2 pair of gloves "Bamuiser" (worn) {Dex+4}
   (You found it on level 13 of the Dungeon)

   It affects your dexterity (+4).
 S - a +1 shield of reflection (worn)
 Y - the +4 ring mail of Noughts and Crosses (worn) {rF+ rC+ Slay+3 Stlth-}
   (You found it on level 3 of the Lair of Beasts)

   It affects your accuracy and damage with ranged weapons and melee attacks
   (+3).
   It protects you from fire.
   It protects you from cold.
   It makes you less stealthy.
Jewellery
 d - an uncursed ring of resist corrosion
 u - an uncursed ring of poison resistance
 F - a +3 ring of protection
 G - an amulet of the acrobat (around neck)
 K - an uncursed ring of protection from fire
 Q - a ring of protection from cold (right hand)
 X - a +3 ring of strength (left hand)
Wands
 a - a wand of paralysis (20)
 t - a wand of acid (16)
 B - a wand of iceblast (25)
 C - a wand of scattershot (6)
 I - a wand of disintegration (13)
 R - a wand of flame (37)
Scrolls
 g - 10 scrolls of teleportation
 h - a scroll of enchant weapon
 k - 2 scrolls of summoning
 n - 14 scrolls of remove curse
 s - 2 scrolls of magic mapping
 v - 3 scrolls of fog
 E - 10 scrolls of identify
 Z - 3 scrolls of blinking
Potions
 i - 2 potions of cancellation
 l - 6 potions of haste
 m - 2 potions of might
 o - 6 potions of mutation
 r - 4 potions of ambrosia
 z - 9 potions of heal wounds
 D - 3 potions of curing
 M - a potion of berserk rage
 P - 3 potions of magic
 T - 2 potions of invisibility
 V - 2 potions of resistance
Miscellaneous
 p - a phantom mirror
 q - a lightning rod (3/4)
 J - a phial of floods
Comestibles
 f - 32 rations


   Skills:
 + Level 19.3(19.2) Fighting
 - Level 18.0(17.9) Axes
 + Level 16.3(16.2) Armour
 - Level 15.0(14.9) Shields
 + Level 18.4 Invocations


You had 17 spell levels left.
You didn't know any spells.
Your spell library contained the following spells:

 Spells                   Type           Power        Failure   Level  Hunger
 Magic Dart               Conj           #...         50%         1    ##.....
 Conjure Flame            Conj/Fire      #.......     86%         3    ####...
 Bolt of Magma            Conj/Fire/Erth #.........   100%        5    ######.
 Slow                     Hex            #.......     63%         2    ###....
 Throw Frost              Conj/Ice       #.....       63%         2    ###....
 Freezing Cloud           Conj/Ice/Air   #.........   100%        6    #######
 Mephitic Cloud           Conj/Pois/Air  #.......     86%         3    ####...
 Ring of Flames           Chrm/Fire      #.........   100%        7    #######
 Venom Bolt               Conj/Pois      #.........   100%        5    ######.
 Blink                    Tloc           N/A          63%         2    ###....
 Freeze                   Ice            #...         50%         1    ##.....
 Summon Ice Beast         Ice/Summ       #.......     99%         4    #####..
 Ozocubu's Armour         Chrm/Ice       #.......     86%         3    ####...
 Call Imp                 Summ           #.......     63%         2    ###....
 Sublimation of Blood     Necr           #.........   63%         2    ###....
 Iron Shot                Conj/Erth      #.........   100%        6    #######
 Stone Arrow              Conj/Erth      #.....       86%         3    ####...
 Swiftness                Chrm/Air       #.......     63%         2    ###....
 Statue Form              Tmut/Erth      #........    100%        6    #######
 Dragon Form              Tmut           #.........   100%        7    #######
 Throw Icicle             Conj/Ice       #.......     99%         4    #####..
 Passwall                 Tmut/Erth      #.......     63%         2    ###....
 Ignite Poison            Fire/Tmut/Pois #.......     86%         3    ####...
 Alistair's Intoxication  Tmut/Pois      #.......     100%        5    ######.
 Lee's Rapid Deconstruct  Erth           #.........   100%        5    ######.
 Sandblast                Erth           #.....       50%         1    ##.....
 Petrify                  Tmut/Erth      #.......     99%         4    #####..
 Orb of Destruction       Conj           #.........   100%        7    #######
 Iskenderun's Battlesphe  Conj/Chrm      #.......     100%        5    ######.
 Dazzling Spray           Conj/Hex       #.....       86%         3    ####...
 Force Lance              Conj/Tloc      #.......     99%         4    #####..
 Spellforged Servitor     Conj/Summ      #.........   100%        7    #######
 Hydra Form               Tmut           #.........   100%        6    #######
 Irradiate                Conj/Tmut      #.........   100%        5    ######.
 Poisonous Vapours        Pois/Air       #.....       63%         2    ###....


Dungeon Overview and Level Annotations

Branches:
Dungeon (15/15)            Temple (0/1) D:4            Lair (6/6) D:11
  Swamp (4/4) Lair:2       Spider (4/4) Lair:3        Slime (0/5) Lair:6
    Orc (2/2) D:10            Elf (0/3) Orc:2        Vaults (1/5) D:13
 Depths (0/5) D:15

Altars:
Cheibriados
Fedhas
Gozag
Kikubaaqudgha
Makhleb
Nemelex Xobeh
Okawaru
Ru
Vehumet
Wu Jian
Xom
Yredelemnul
Zin
The Shining One
Beogh
Jiyva

Shops:
D:5 *   D:14 (   Orc:2 !:==?

Annotations:
Lair:3 exclusion: oklob plant
Lair:6 2 transporters, Qoduo's ghost, journeyman TeAE


Message History

The centaur warrior barely misses the ironheart preserver.
Milork is engulfed in noxious fumes.
Milork barely misses your orc knight.
Milork barely misses the ironheart preserver.
Your orc knight roars a battlecry!
Brunolf goes into a battle-frenzy!
You slash the ironheart preserver!
The ironheart preserver is moderately wounded.
The centaur warrior hits the ironbrand convoker!
You slice the ironheart preserver!!
The ironheart preserver is heavily wounded.
The ironheart preserver is engulfed in noxious fumes.
The ironheart preserver appears confused.
The ironheart preserver hits you with a great mace of crushing!
* * * LOW HITPOINT WARNING * * *
x2 The centaur warrior hits the ironbrand convoker.
Milork is engulfed in noxious fumes.
Milork appears confused.
Milork hits you with a +1 broad axe!!
You die...
Beogh appreciates Milork's killing of a heretic priest.

##########
#........+
#....)...#
#....))).#
#ooo>))).#
#oooo...)#
#o@oo)...#
#p########
.§k #p#§#
#O c# #.
p# O O# O#


You could see 2 ironheart preservers, a death drake shaped shifter, a centaur
warrior (confused), a two-headed ogre, an ironbrand convoker, 3 ogres, the
friendly Rocco the orc warlord, 2 friendly orc knights, the friendly Brunolf the
orc knight, the friendly Grimold the orc knight, the friendly Harm the orc
knight, the friendly Milork the orc knight (confused), a friendly orc warrior,
the friendly Warrok the orc warrior and a friendly orc priest.

Vanquished Creatures
  2 thorn hunters
  3 ghost moths (Spider:4)
  3 emperor scorpions (Spider:4)
  2 vault wardens (Vaults:1)
  A caustic shrike zombie (D:15)
  The ghost of Maimakterion the Peltast, a journeyman MiFi of Ru (D:13)
  An ironheart preserver (Vaults:1)
  Nessos (D:15)
  A minotaur (Lab)
  4 ice dragons
  7 hydras
  3 vault guards (Vaults:1)
  A catoblepas (Lair:6)
  A ghost crab (Swamp:3)
  16 alligators
  A death yak (Lair:6)
  4 ogre magi
  A queen ant (Spider:1)
  21 two-headed ogres
  2 tengu warriors
  A deep elf knight (Vaults:1)
  2 skeletal warriors (D:13)
  3 unseen horrors
  3 spriggan druids
  3 swamp dragons
  A flayed ghost (D:15)
  A shambling mangrove (Swamp:1)
  A lindwurm (D:13)
  A deep elf archer (Vaults:1)
  An orc knight (D:10)
  3 cyclopes
  2 deep elf magi (Vaults:1)
  4 orb spiders
  19 wolf spiders
  A manticore (shapeshifter) (D:13)
  2 manticores
  Maurice (D:8)
  A black mamba (shapeshifter) (Vaults:1)
  A centaur skeleton (D:15)
  3 elephants (Lair:3)
  3 vault sentinels (Vaults:1)
  4 black mambas
  2 torpor snails
  18 spiny frogs
  4 gargoyles
  2 kobold demonologists (Bailey)
  4 freezing wraiths (Swamp:4)
  3 demonic crawlers (Spider:3)
  4 yaktaurs (Vaults:1)
  2 komodo dragons
  An efreet (D:15)
  A tengu conjurer (Swamp:3)
  A spriggan zombie (D:15)
  3 trolls
  14 jumping spiders
  A meliai (shapeshifter) (D:14)
  6 hornets
  7 tyrant leeches
  4 bog bodies
  A polar bear (shapeshifter) (D:15)
  20 blink frogs
  4 hippogriffs
  19 slime creatures
  A dream sheep (Lair:6)
  53 redbacks
  7 spriggans
  3 wraiths
  3 shadows
  14 tarantellas
  A wyvern (Lair:6)
  A water elemental (D:15)
  15 yaks
  A vampire (D:11)
  Grum (D:9)
  5 basilisks
  20 vampire mosquitoes
  4 swamp worm simulacra (Swamp:4)
  A hungry ghost (D:14)
  7 soldier ants (Spider:1)
  A warg (Orc:2)
  15 swamp worms
  2 acid dragons
  14 insubstantial wisps
  8 water moccasins
  4 porcupines
  17 hydra simulacra (Swamp:4)
  2 sky beasts
  2 ice beasts
  11 orc warriors
  6 swamp drakes
  2 black bears
  A necrophage (D:6)
  A phantom (D:7)
  7 wolves
  2 boggarts (D:15)
  32 ogres
  16 centaurs
  11 crocodiles
  2 big kobolds
  9 bullfrogs
  7 scorpions
  13 killer bees
  3 vampire bats (Orc:2)
  3 howler monkeys
  2 electric eels
  6 crimson imps
  5 centaur zombies
  6 hounds
  6 orc priests
  2 bullfrog skeletons
  A jelly (D:11)
  9 orc wizards
  5 iguanas
  27 worker ants
  A killer bee zombie (D:7)
  A hound zombie (D:11)
  A mummy (D:4)
  Robin (D:2)
  A worker ant zombie (D:8)
  15 gnolls
  11 adders
  A shadow imp (D:8)
  10 white imps (D:11)
  5 oozes
  4 swamp drake simulacra (Swamp:4)
  2 adder zombies
  4 worms
  2 dart slugs (D:1)
  11 leopard geckos
  20 orcs
  5 ball pythons
  9 giant cockroaches
  24 goblins
  17 hobgoblins
  3 jackals (D:5)
  39 kobolds
  11 quokkas
  8 bats
  4 frilled lizards
  3 hobgoblin zombies (D:4)
  A leopard gecko zombie (D:7)
  An orc zombie (D:4)
  2 quokka skeletons
  4 rats
  A bush (Lair:3)
  5 fungi
  5 plants
  A withered plant (D:15)
888 creatures vanquished.

Vanquished Creatures (collateral kills)
  Arachne (Spider:2)
  A thorn hunter (Swamp:3)
  Kirke (Spider:2)
  Donald (Spider:2)
  5 emperor scorpions
  A ghost moth (Spider:4)
  A juggernaut zombie (D:15)
  Aizul (Vaults:1)
  Louise (Spider:3)
  An orc warlord (Orc:2)
  4 entropy weavers
  A spark wasp (Spider:3)
  Josephine (D:15)
  3 ogre magi
  A rakshasa (Vaults:1)
  3 catoblepae
  8 hydras
  A centaur warrior (D:15)
  16 two-headed ogres
  5 alligators
  Urug (Lair:3)
  The ghost of Xeopp the Transmogrifier, a novice DrTm of Okawaru (D:10)
  4 death yaks (Lair:6)
  2 tengu warriors (D:14)
  A deep elf knight (Vaults:1)
  4 skeletal warriors
  A deep elf archer (Vaults:1)
  An ironbrand convoker (Vaults:1)
  A shambling mangrove (Swamp:3)
  A necromancer (D:15)
  8 orb spiders
  2 orc knights
  15 wolf spiders
  4 ugly things (D:15)
  2 moths of wrath (Spider:4)
  A manticore (Lair:6)
  6 slime creatures
  5 elephants
  A fire giant skeleton (D:15)
  3 centaur zombies
  A cyclops (D:13)
  2 black mambas
  6 spiny frogs
  2 vault sentinels (Vaults:1)
  A freezing wraith (Vaults:1)
  A komodo dragon (Lair:6)
  8 demonic crawlers
  4 trolls
  A guardian mummy (D:15)
  A tengu conjurer (D:14)
  17 jumping spiders
  A jumping spider (shapeshifter) (D:15)
  A polar bear (Lair:1)
  2 hornets (Spider:2)
  A harpy skeleton (D:15)
  18 blink frogs
  A tyrant leech (Swamp:3)
  5 dream sheep (Lair:6)
  4 hippogriffs
  A wyvern (Lair:6)
  3 wraiths (D:15)
  42 redbacks
  14 tarantellas
  18 yaks
  3 wargs
  6 vampire mosquitoes
  11 soldier ants (Spider:1)
  A water moccasin (Lair:1)
  3 porcupines
  A swamp drake (Swamp:3)
  An ice beast (D:13)
  An eye of draining (D:11)
  7 orc warriors
  A boggart (D:15)
  5 ogres
  7 wolves
  5 centaurs
  6 crocodiles
  A big kobold (D:12)
  6 bullfrogs
  A scorpion (D:14)
  A howler monkey (D:14)
  4 electric eels
  4 orc wizards
  5 orc priests
  7 worker ants (Spider:1)
  A hound skeleton (D:9)
  An adder (D:9)
  A shadow imp (D:9)
  2 white imps (D:11)
  11 orcs
  4 bats (Orc:2)
  4 goblins (Bailey)
  3 hobgoblins (Bailey)
  2 kobolds (D:12)
  5 briar patches (Swamp:3)
  9 fungi
  6 plants
  3 withered plants (D:15)
415 creatures vanquished.

Vanquished Creatures (others)
  An orc warlord (Spider:4)
  A centaur warrior (Vaults:1)
  An orc high priest (Spider:2)
  8 orc knights
  A spriggan druid (Swamp:2)
  3 orc sorcerers
  16 orc warriors
  9 orc wizards
  A tyrant leech (Swamp:4)
  A bog body (Swamp:4)
  A wraith (D:15)
  A tarantella (Spider:2)
  A human (Spider:2)
  12 orc priests
  An adder (D:4)
  51 orcs
  21 fungi
  27 plants
  3 withered plants
160 creatures vanquished.

Grand Total: 1463 creatures vanquished

Notes
Turn   | Place    | Note
-------+----------+-------------------------------------------
     0 | D:1      | Zonian the Hill Orc Fighter began the quest for the Orb.
     0 | D:1      | Reached XP level 1. HP: 19/19 MP: 1/1
    88 | D:1      | Reached XP level 2. HP: 21/27 MP: 2/2
   145 | D:1      | Reached skill level 4 in Fighting
   184 | D:1      | Reached XP level 3. HP: 33/33 MP: 3/3
   644 | D:2      | Reached XP level 4. HP: 41/41 MP: 4/4
  1134 | D:2      | Noticed Robin
  1150 | D:2      | Reached skill level 5 in Fighting
  1152 | D:2      | Killed Robin
  1157 | D:2      | Reached XP level 5. HP: 44/48 MP: 5/5
  1290 | D:3      | Reached skill level 5 in Axes
  1673 | D:3      | Reached XP level 6. HP: 50/57 MP: 6/6
  1811 | D:3      | Found a faded altar of an unknown god.
  1813 | D:3      | Found a snail-covered altar of Cheibriados.
  2262 | D:4      | Reached skill level 6 in Fighting
  2266 | D:4      | Became a worshipper of Beogh the Brigand
  2537 | D:4      | Found a sacrificial altar of Ru.
  2667 | D:4      | Found a staircase to the Ecumenical Temple.
  3490 | D:5      | Entered Level 5 of the Dungeon
  3966 | D:5      | Reached skill level 7 in Fighting
  3966 | D:5      | Reached XP level 7. HP: 41/66 MP: 7/7
  4089 | D:5      | Found Tacvek's Assorted Antiques.
  4095 | D:5      | Bought a potion of might for 116 gold pieces
  4182 | D:5      | Found a burning altar of Makhleb.
  4182 | D:5      | Found a glowing silver altar of Zin.
  4183 | D:5      | Noticed an angel
  4185 | D:5      | Noticed a green death
  4506 | D:5      | Reached skill level 8 in Fighting
  4680 | D:5      | Reached XP level 8. HP: 68/74 MP: 8/8
  5360 | D:5      | Reached * piety under Beogh
  5946 | D:6      | Reached skill level 9 in Fighting
  6479 | D:6      | Found a blossoming altar of Fedhas.
  6506 | D:6      | Reached skill level 10 in Axes
  6636 | D:6      | Reached ** piety under Beogh
  6673 | D:6      | Reached XP level 9. HP: 82/85 MP: 9/9
  6828 | D:6      | Reached skill level 10 in Fighting
  7572 | D:6      | Found an ornate altar of the Wu Jian Council.
  7760 | D:7      | Found an iron altar of Okawaru.
  7861 | D:7      | Reached skill level 1 in Invocations
  8133 | D:7      | Found a sacrificial altar of Ru.
  8267 | D:7      | Found a radiant altar of Vehumet.
  8759 | D:8      | Reached *** piety under Beogh
  8759 | D:8      | Reached skill level 5 in Shields
  8768 | D:8      | Reached skill level 11 in Fighting
  8991 | D:8      | Reached skill level 5 in Armour
  8991 | D:8      | Reached XP level 10. HP: 92/95 MP: 12/12
  9238 | D:8      | Noticed Maurice
  9814 | D:8      | Killed Maurice
  9854 | D:8      | Noticed a two-headed ogre
  9863 | D:8      | Killed a two-headed ogre
  9863 | D:8      | Reached skill level 5 in Invocations
 10043 | D:8      | Found a glowing golden altar of the Shining One.
 10073 | D:8      | Noticed a two-headed ogre
 10088 | D:8      | Killed a two-headed ogre
 10233 | D:8      | Found an opulent altar of Gozag.
 10253 | D:8      | Noticed a two-headed ogre
 10261 | D:8      | Killed a two-headed ogre
 10597 | D:8      | Found an ancient bone altar of Kikubaaqudgha.
 10854 | D:9      | Noticed a two-headed ogre
 10881 | D:9      | Killed a two-headed ogre
 10881 | D:9      | Reached XP level 11. HP: 77/104 MP: 15/15
 10984 | D:9      | Reached skill level 12 in Fighting
 11025 | D:9      | Noticed Grum
 11034 | D:9      | Killed Grum
 11204 | D:9      | Got a scorched quarterstaff
 11209 | D:9      | Found a basalt altar of Yredelemnul.
 11256 | D:9      | Identified a scroll of acquirement
 11257 | D:9      | Got a dazzling broad axe
 11258 | D:9      | Identified the +2 broad axe "Killer Bee's Death" {chop, -Tele rC+ Int+6} (You acquired it on level 9 of the Dungeon)
 11393 | D:10     | Entered Level 10 of the Dungeon
 11620 | D:10     | Reached XP level 12. HP: 113/113 MP: 16/18
 11663 | D:10     | Got a polished glaive
 11703 | D:10     | Found a large runed door.
 11703 | D:10     | Found a large runed door.
 11703 | D:10     | Noticed Xeopp's ghost (novice DrTm)
 12216 | D:10     | Found a roughly hewn altar of Beogh.
 12218 | D:10     | Found a staircase to the Orcish Mines.
 12328 | D:10     | Noticed a two-headed ogre
 12336 | D:10     | Killed a two-headed ogre
 12366 | D:10     | Noticed a two-headed ogre
 12369 | D:10     | Reached skill level 13 in Fighting
 12375 | D:10     | Killed a two-headed ogre
 12866 | D:11     | Found a frozen archway.
 12877 | D:11     | Reached **** piety under Beogh
 13408 | D:11     | Found a staircase to the Lair.
 13707 | Lair:1   | Entered Level 1 of the Lair of Beasts
 13970 | Lair:1   | Noticed a five-headed hydra
 13978 | Lair:1   | Killed a five-headed hydra
 14097 | Lair:1   | Reached skill level 10 in Invocations
 14827 | Lair:2   | Found a staircase to the Swamp.
 14852 | Lair:2   | Reached XP level 13. HP: 122/122 MP: 20/20
 15100 | Lair:2   | Got a scorched dagger
 15206 | Lair:2   | Identified the +8 dagger "Voaracas" {venom, +Blink rN+++ MR- Int+5} (You found it on level 2 of the Lair of Beasts)
 15918 | Lair:3   | Reached skill level 10 in Shields
 15921 | Lair:3   | Gained Jorge as an ally
 15954 | Lair:3   | Noticed Urug
 15956 | Lair:3   | Got a twisted ring mail
 15964 | Lair:3   | Killed Urug
 16022 | Lair:3   | Found a hole to the Spider Nest.
 16102 | Lair:3   | Identified the +4 ring mail of Noughts and Crosses {rF+ rC+ Slay+3 Stlth-} (You found it on level 3 of the Lair of Beasts)
 16157 | Lair:3   | Reached skill level 10 in Armour
 16179 | Lair:3   | Reached ***** piety under Beogh
 16186 | Lair:3   | Reached skill level 14 in Fighting
 17084 | Lair:4   | Reached skill level 15 in Axes
 18505 | Lair:5   | Noticed an ice dragon
 18511 | Lair:5   | Killed an ice dragon
 19323 | D:12     | Found a flagged portal.
 19336 | Bailey   | Entered a bailey
 19396 | Bailey   | Found an iron altar of Okawaru.
 19742 | Bailey   | Reached XP level 14. HP: 133/133 MP: 22/22
 19745 | Bailey   | Gained Nordag as an ally
 19792 | Bailey   | Got a crude scale mail
 19803 | Bailey   | Identified the cursed +0 scale mail "Vadoijue" {rPois rF++ Str+2} (You found it in a bailey)
 20823 | D:12     | Got a crude helmet
 20841 | D:12     | Identified the +0 helmet of Xisoadd {*Slow MR+ rCorr SInv} (You acquired it on level 12 of the Dungeon)
 21610 | D:13     | Noticed Maimakterion's ghost (journeyman MiFi)
 21611 | D:13     | Found a runed door.
 21623 | D:13     | Reached ****** piety under Beogh
 21647 | D:13     | Found a labyrinth entrance.
 21661 | Lab      | Entered a labyrinth
 22149 | Lab      | Got an encrusted plate armour
 22159 | Lab      | Identified the Disquisition on Lethal Weightlessness
 22210 | D:13     | Identified the +8 plate armour of Recklessness {rN+ MR+ Slay+3} (You took it off a minotaur in a labyrinth)
 22660 | D:13     | Got a pair of polished gloves
 22671 | D:13     | Identified the +2 pair of gloves "Bamuiser" {Dex+4} (You found it on level 13 of the Dungeon)
 23140 | D:13     | Killed Maimakterion's ghost
 23140 | D:13     | Reached skill level 15 in Fighting
 23319 | D:13     | Found a gate to the Vaults.
 23510 | D:14     | Gained Agrik as an ally
 23665 | D:14     | Found Qeiniy's Antique Weapon Emporium.
 24063 | D:14     | Found a sparkling altar of Nemelex Xobeh.
 24162 | D:14     | Found a shimmering altar of Xom.
 24708 | D:15     | Entered Level 15 of the Dungeon
 24732 | D:15     | Noticed Josephine
 24732 | D:15     | Noticed Nessos
 24740 | D:15     | Killed Nessos
 24747 | D:15     | Killed Josephine
 24992 | D:15     | Gained Warbeogh as an ally
 25014 | D:15     | Your ally Warbeogh died
 25069 | D:15     | Reached XP level 15. HP: 118/141 MP: 24/24
 25127 | D:15     | Found a staircase to the Depths.
 25143 | D:15     | Gained Bogrim as an ally
 26196 | Lair:6   | Entered Level 6 of the Lair of Beasts
 26208 | Lair:6   | Gained Orgrim as an ally
 26530 | Lair:6   | Found a viscous altar of Jiyva.
 26531 | Lair:6   | Found a staircase to the Slime Pits.
 26645 | Lair:6   | Gained Rocco as an ally
 26847 | Lair:6   | Gained Harm as an ally
 27291 | Lair:6   | Found a transporter.
 27295 | Lair:6   | Noticed Qoduo's ghost (journeyman TeAE)
 27303 | Lair:6   | Found a transporter.
 27449 | Lair:6   | Reached skill level 16 in Fighting
 27878 | D:10     | Killed Xeopp's ghost
 28075 | Orc:1    | Entered Level 1 of the Orcish Mines
 28325 | Orc:2    | Entered Level 2 of the Orcish Mines
 28338 | Orc:2    | Found a staircase to the Elven Halls.
 28344 | Orc:2    | Noticed an orc warlord
 28360 | Orc:2    | Killed an orc warlord
 28367 | Orc:2    | Gained Spirok as an ally
 28393 | Orc:2    | Reached XP level 16. HP: 142/151 MP: 26/26
 28396 | Orc:2    | Found Veptorhi's Jewellery Shop.
 28396 | Orc:2    | Found Jootor's Jewellery Emporium.
 28399 | Orc:2    | Found Cewaxije's Book Emporium.
 28399 | Orc:2    | Found Gasuaral's Distillery.
 28408 | Orc:2    | Bought 2 potions of heal wounds for 130 gold pieces
 28408 | Orc:2    | Bought a potion of might for 52 gold pieces
 28408 | Orc:2    | Bought a potion of curing for 39 gold pieces
 28408 | Orc:2    | Bought a potion of curing for 39 gold pieces
 28429 | Orc:2    | Gained Blodwig as an ally
 28569 | Orc:2    | Found Pullog's Magic Scroll Boutique.
 28733 | Orc:2    | Found a roughly hewn altar of Beogh.
 29153 | Spider:1 | Entered Level 1 of the Spider Nest
 29865 | Spider:1 | Your ally Jorge died
 30242 | Spider:2 | Reached skill level 15 in Invocations
 30258 | Spider:2 | Noticed Donald
 30262 | Spider:2 | Noticed Arachne
 30275 | Spider:2 | Gained Agrik as an ally
 30275 | Spider:2 | Killed Arachne
 30280 | Spider:2 | Gained Grimold as an ally
 30284 | Spider:2 | Killed Donald
 30296 | Spider:2 | Your ally Agrik died
 30954 | Spider:2 | Your ally Blodwig died
 30958 | Spider:2 | Noticed Kirke
 30965 | Spider:2 | Killed Kirke
 31216 | Spider:3 | Gained Milork as an ally
 31225 | Spider:3 | Reached skill level 17 in Fighting
 31804 | Spider:3 | Reached XP level 17. HP: 142/161 MP: 28/28
 31983 | Spider:3 | Noticed Louise
 31998 | Spider:3 | Killed Louise
 32463 | Spider:4 | Entered Level 4 of the Spider Nest
 32834 | Spider:4 | Your ally Agrik died
 32859 | Spider:4 | Your ally Orgrim died
 33334 | Spider:4 | Your ally Nordag died
 33761 | Spider:4 | Got a gossamer rune of Zot
 34317 | Swamp:1  | Entered Level 1 of the Swamp
 35528 | Swamp:2  | Reached skill level 18 in Fighting
 35528 | Swamp:2  | Gained Warrok as an ally
 35692 | Swamp:2  | Reached skill level 15 in Shields
 36038 | Swamp:2  | Reached skill level 15 in Armour
 36660 | Swamp:3  | Reached XP level 18. HP: 28/172 MP: 26/30
 36670 | Swamp:3  | Your ally Spirok died
 38930 | Swamp:4  | Entered Level 4 of the Swamp
 40215 | Swamp:4  | Got a decaying rune of Zot
 40498 | Vaults:1 | Entered Level 1 of the Vaults
 40816 | Vaults:1 | Noticed Aizul
 40821 | Vaults:1 | Reached skill level 19 in Fighting
 40833 | Vaults:1 | Killed Aizul
 40985 | Vaults:1 | Your ally Bogrim died
 41028 | Vaults:1 | Gained Brunolf as an ally
 41042 | Vaults:1 | Demolished by Milork the orc knight

Vault maps used:
D:1:      ebering_trefoil_3fold, serial_curves, eino_curves_03, eino_curves_04
D:2:      first_ration, uniq_robin
D:3:      cheibriados_altar_1, chequers_ecumenical_altar_simple
D:4:      nicolae_ru_awakened_eye, minmay_temple_entry_purple_smoke,
          minmay_mini_ossuary
D:5:      kennysheep_kobold_camp, grunt_temple_overflow_order_and_chaos_2,
          serial_shops, shop, grunt_ministairs_13
D:6:      kennysheep_mini_moat, lemuel_round_altar
D:7:      kennysheep_mini, okawaru_gym_becter, basic_altar
D:8:      lemuel_crystal_altar, tso_metal_star, kiku_gazebo_garden_becter,
          the_bakery, uniq_maurice
D:9:      old_standard_altar, serial_glass, glass_columns_a, glass_columns_b,
          uniq_grum
D:10:     david_orc_5, ebering_ghost_disaster_area
D:11:     lair_entry_dummy, portal_ice_cave_entry_imps, serial_glass,
          glass_columns_b, glass_columns_c
D:12:     enter_bailey_8
D:13:     david_vaults_4, lab_entry_generic, gammafunk_ghost_grave
D:14:     serial_shops, shop_coins, lemuel_statue_altar,
          nemelex_xobeh_ov_fountains_minmay
D:15:     gammafunk_depths_entry_grave, minivault_14, uniq_josephine,
          uniq_nessos
Lair:1:   infiniplex_staircase_pool_2
Lair:2:   swamp_mist, grunt_forest_large_clearing_hut
Lair:3:   spider_nest_entry_a, minmay_holes, patterned_corridor,
          lemuel_fruit_tree, serial_bayou_shore_b, minmay_lair_oklob_chamber,
          uniq_urug
Lair:4:   infiniplex_staircase_pool, serial_bayou_shore_a
Lair:5:   dragon1_lemuel
Lair:6:   evilmike_catoblepas_cave, slime_altar_1, gammafunk_ghost_arena
Swamp:1:  hangedman_swamp_lotus, swamp_pool4, hangedman_swamp_blocks
Swamp:2:  nicolae_swamp_rocky_clearing
Swamp:3:  nicolae_swamp_fairy_circle, kb_tengu_band
Swamp:4:  swamp_icy
Spider:1: zaba_antful_of_joy
Spider:2: uniq_arachne, uniq_kirke, uniq_donald
Spider:3: einodemon_crawler_minivault, uniq_louise
Spider:4: grunt_spider_rune_circles
Orc:1:    basic_altar, uniq_fannar, uniq_snorg
Orc:2:    st_orc_ogre_mass, serial_shops, shop, roderic_batcave,
          kennysheep_orc_chapel
Vaults:1: nicolae_vaults_circle_grid_a, nicolae_vaults_ninety_degrees,
          v_pattern_4, hangedman_vaults_corner_blocks, nicolae_vaults_network_s,
          vaults_mumra_minichess_inversion, v_misc_3, v_misc_17,
          grunt_vaults_focal, vaults_dpeg_diagonal, dpeg_vaults_monster_row,
          vaults_dpeg_encased_lava, v_misc_22, serial_shops, shop_statue,
          uniq_aizul
Lab:      labyrinth_green, nicolae_lab_t_cross, nicolae_lab_garden,
          nicolae_lab_do_over, labyrinth_fake_exit
Bailey:   bailey_axe_of_yendor_kennysheep, bailey

Skill      XL: |  1  2  3  4  5  6  7  8  9 10 11 12 13 14 15 16 17 18 |
---------------+-------------------------------------------------------+-----
Axes           | 3 4 5 7 8 10 11 12 13 14 15 16 17 18 | 18.0
Fighting       | 4 5 7 8 9 11 12 13 14 15 16 17 18 19 | 19.3
Invocations    | 3 6 8 10 11 13 14 15 17 18 | 18.4
Shields        | 5 6 8 9 10 12 13 14 15 | 15.0
Armour         | 5 6 8 9 10 11 12 13 15 16 | 16.3

Action                   |  1- 3 |  4- 6 |  7- 9 | 10-12 | 13-15 | 16-18 || total
-------------------------+-------+-------+-------+-------+-------+-------++-------
Melee: War axe           |    88 |   248 |   411 |   166 |       |       ||   913
       Broad axe         |       |       |       |   244 |   736 |  1063 ||  2043
       Dagger            |       |       |       |       |    53 |    34 ||    87
Throw: Throwing net      |       |       |     1 |       |       |       ||     1
       Javelin           |       |       |    21 |     5 |     6 |     3 ||    35
Invok: Convert to Beogh  |       |     1 |       |       |       |       ||     1
       Smiting           |       |       |       |     4 |     6 |    16 ||    26
       Recall Orcish Fol |       |       |       |     2 |    12 |    15 ||    29
       Stop Recall       |       |       |       |       |     2 |     8 ||    10
 Abil: Evoke Blink       |       |       |       |       |     1 |       ||     1
Evoke: Wand              |       |       |     3 |     4 |     2 |     7 ||    16
       Lightning rod     |       |       |       |       |       |     4 ||     4
  Use: Scroll            |       |     7 |     3 |    18 |    20 |    11 ||    59
       Potion            |       |       |     3 |     6 |     4 |     8 ||    21
 Stab: Held in net/web   |       |       |     1 |       |       |       ||     1
       Confused          |       |       |       |     1 |     4 |     2 ||     7
       Distracted        |       |       |       |       |     5 |     3 ||     8
  Eat: Chunk             |       |     3 |     7 |     4 |    18 |    12 ||    44
       Ration            |       |     2 |     3 |     5 |     7 |     8 ||    25
Armor: Scale mail        |    39 |   103 |   106 |     2 |       |       ||   250
       Chain mail        |       |       |       |   138 |    51 |    87 ||   276
       Ring mail         |       |       |       |       |   226 |   407 ||   633
Dodge: Dodged            |    26 |    73 |    80 |    75 |   276 |   405 ||   935
Block: Shield            |    38 |   130 |   215 |   221 |   587 |   890 ||  2081
       Reflection        |       |       |       |       |       |    14 ||    14

Table legend:
 A = Spawn XP
 B = Non-spawn XP
 C = Spawn XP percentage of total XP
 D = Spawn monster count
 E = Non-spawn monster count
 F = Spawn count percentage of total count
 G = Total turns spent on level
                    A         B        C        D         E        F      G
               +---------+---------+-------+---------+---------+-------+---------
         Total |       0 |  299865 |   0.0 |       0 |    1269 |   0.0 | 41042
               +---------+---------+-------+---------+---------+-------+---------
           D:1 |       0 |      66 |   0.0 |       0 |      27 |   0.0 |   595
           D:2 |       0 |     190 |   0.0 |       0 |      40 |   0.0 |   966
           D:3 |       0 |      85 |   0.0 |       0 |      21 |   0.0 |   491
           D:4 |       0 |     272 |   0.0 |       0 |      19 |   0.0 |  1896
           D:5 |       0 |    1031 |   0.0 |       0 |      43 |   0.0 |  1975
           D:6 |       0 |    1138 |   0.0 |       0 |      30 |   0.0 |  1811
           D:7 |       0 |     852 |   0.0 |       0 |      14 |   0.0 |  1181
           D:8 |       0 |    4866 |   0.0 |       0 |      40 |   0.0 |  1885
           D:9 |       0 |    2033 |   0.0 |       0 |      23 |   0.0 |   593
          D:10 |       0 |    3819 |   0.0 |       0 |      26 |   0.0 |  1649
          D:11 |       0 |    3208 |   0.0 |       0 |      41 |   0.0 |  1196
          D:12 |       0 |    6583 |   0.0 |       0 |      48 |   0.0 |  1196
          D:13 |       0 |    9625 |   0.0 |       0 |      25 |   0.0 |  1392
          D:14 |       0 |    7705 |   0.0 |       0 |      26 |   0.0 |  1246
          D:15 |       0 |   15556 |   0.0 |       0 |      48 |   0.0 |  1314
        Lair:1 |       0 |    4629 |   0.0 |       0 |      14 |   0.0 |  1605
        Lair:2 |       0 |    3720 |   0.0 |       0 |      23 |   0.0 |   961
        Lair:3 |       0 |    8744 |   0.0 |       0 |      37 |   0.0 |  1202
        Lair:4 |       0 |    2542 |   0.0 |       0 |      14 |   0.0 |  1232
        Lair:5 |       0 |    6399 |   0.0 |       0 |      22 |   0.0 |   983
        Lair:6 |       0 |   18497 |   0.0 |       0 |      70 |   0.0 |  1473
       Swamp:1 |       0 |   12811 |   0.0 |       0 |      36 |   0.0 |  1240
       Swamp:2 |       0 |   12868 |   0.0 |       0 |      31 |   0.0 |  1560
       Swamp:3 |       0 |   21316 |   0.0 |       0 |      47 |   0.0 |  1859
       Swamp:4 |       0 |   20159 |   0.0 |       0 |      65 |   0.0 |  1390
      Spider:1 |       0 |   18174 |   0.0 |       0 |      87 |   0.0 |  1051
      Spider:2 |       0 |   17072 |   0.0 |       0 |      52 |   0.0 |   989
      Spider:3 |       0 |   18530 |   0.0 |       0 |      59 |   0.0 |  1307
      Spider:4 |       0 |   31329 |   0.0 |       0 |      77 |   0.0 |  1685
         Orc:1 |       0 |     177 |   0.0 |       0 |       7 |   0.0 |   261
         Orc:2 |       0 |   16567 |   0.0 |       0 |      64 |   0.0 |   605
      Vaults:1 |       0 |   25550 |   0.0 |       0 |      55 |   0.0 |   544
           Lab |       0 |    2056 |   0.0 |       0 |       5 |   0.0 |   537
        Bailey |       0 |    1696 |   0.0 |       0 |      33 |   0.0 |  1172
               +---------+---------+-------+---------+---------+-------+---------
